| TOP OF THE 1ST |
|
Chicago (APP) Cubs batting - Pitching for Johnson City Cardinals : RHP Jaquan Alston
|
|
Pitching: RHP Jaquan Alston
|
|
|
Batting: SHB Jim Lloyd
|
0-0: TRIPLE (Line Drive, 7LD, EV 96.2 MPH)
|
|
Batting: RHB Dustin Goldsborough
|
0-0: Swinging Strike 0-1: Ball 1-1: Foul Ball, location: 2F 1-2: Ball 2-2: Ball 3-2: Foul Ball, location: 2F 3-2: Strikes out swinging
|
|
Batting: RHB Mike Stein
|
0-0: Ball 1-0: Called Strike 1-1: Ball 2-1: Swinging Strike 2-2: Strikes out swinging
|
|
Batting: RHB Andy Baumhardt
|
0-0: Swinging Strike 0-1: Fly out, F9 (Flyball, 9, EV 85.6 MPH)
|
| Top of the 1st over - 0 runs, 1 hit, 0 errors, 1 left on base; Chicago (APP) 0 - Johnson City 0 |
| BOTTOM OF THE 1ST |
|
Johnson City Cardinals batting - Pitching for Chicago (APP) Cubs : RHP Bobby Almonte
|
|
Pitching: RHP Bobby Almonte
|
|
|
Batting: LHB Mike East
|
0-0: Ball 1-0: Called Strike 1-1: Called Strike 1-2: Ball 2-2: SOLO HOME RUN (Flyball, 9D, EV 97.5 MPH), Distance : 365 ft
|
|
Batting: RHB Johnny Lowe
|
0-0: SOLO HOME RUN (Flyball, 7LD, EV 95.6 MPH), Distance : 344 ft
|
|
Batting: RHB McGwire Jones
|
0-0: Ball 1-0: Ground out 6-3 (Groundball, 6, EV 91.9 MPH)
|
|
Batting: LHB Billy Lang
|
0-0: Ball 1-0: Ball 2-0: Ball 3-0: Called Strike 3-1: Base on Balls
|
|
Batting: RHB Nelson Salamanca
|
0-0: SINGLE (Line Drive, 9S, EV 91.9 MPH) Billy Lang to second Runner from 2nd tries for 3rd, OUT! 9-5
|
|
Batting: SHB Bobby Mercado
|
0-0: TRIPLE (Flyball, 8LXD, EV 93.8 MPH) Nelson Salamanca scores
|
|
Batting: RHB Mario Carbajal
|
0-0: Foul Ball, location: 2F 0-1: 2-RUN HOME RUN (Flyball, 7D, EV 96.9 MPH), Distance : 391 ft
|
|
Batting: RHB Edgar Klockow
|
0-0: Ball 1-0: Swinging Strike 1-1: SINGLE (Groundball, 56D, EV 96.2 MPH)
|
|
Batting: RHB Geoff Musico
|
0-0: Ball 1-0: Ball Edgar Klockow steals 2nd base 2-0: Ball 3-0: Called Strike 3-1: 2-RUN HOME RUN (Flyball, 7D, EV 96.2 MPH), Distance : 374 ft
|
|
Batting: LHB Mike East
|
0-0: Ball 1-0: Foul Ball, location: 2F 1-1: Ball 2-1: Ball 3-1: Base on Balls
|
|
Batting: RHB Johnny Lowe
|
0-0: Foul Ball, location: 2F 0-1: Called Strike Mike East steals 2nd base 0-2: Ground out 6-3 (Groundball, 6MD, EV 89.4 MPH)
|
| Bottom of the 1st over - 7 runs, 7 hits, 0 errors, 1 left on base; Chicago (APP) 0 - Johnson City 7 |
| TOP OF THE 2ND |
|
Chicago (APP) Cubs batting - Pitching for Johnson City Cardinals : RHP Jaquan Alston
|
|
Batting: RHB Juan Lira
|
0-0: Called Strike 0-1: Fly out, F3 (Popup, 34, EV 80.6 MPH)
|
|
Batting: LHB Jose Mafano
|
0-0: Fly out, F9 (Line Drive, 9S, EV 93.8 MPH)
|
|
Batting: RHB Andy Villarreal
|
0-0: Ball 1-0: Called Strike 1-1: Foul Ball, location: 2F 1-2: Strikes out looking
|
| Top of the 2nd over - 0 runs, 0 hits, 0 errors, 0 left on base; Chicago (APP) 0 - Johnson City 7 |
| BOTTOM OF THE 2ND |
|
Johnson City Cardinals batting - Pitching for Chicago (APP) Cubs : RHP Bobby Almonte
|
|
Batting: RHB McGwire Jones
|
0-0: Ball 1-0: Ball 2-0: Ball 3-0: Base on Balls
|
|
Batting: LHB Billy Lang
|
0-0: 2-RUN HOME RUN (Line Drive, 7LD, EV 99.4 MPH), Distance : 361 ft
|
|
Pitching: RHP Masato Iwase
|
|
|
Batting: RHB Nelson Salamanca
|
0-0: Ball 1-0: Ground out 6-3 (Groundball, 6, EV 83.1 MPH)
|
|
Batting: SHB Bobby Mercado
|
0-0: SINGLE (Groundball, 4MD, EV 101.9 MPH)
|
|
Batting: RHB Mario Carbajal
|
0-0: Called Strike 0-1: Ball 1-1: Ball 2-1: SINGLE (Line Drive, 56D, EV 97.5 MPH) Bobby Mercado to second
|
|
Batting: RHB Edgar Klockow
|
0-0: Called Strike 0-1: DOUBLE (Line Drive, 89XD, EV 108.8 MPH) Bobby Mercado scores Mario Carbajal to third
|
|
Batting: RHB Geoff Musico
|
0-0: Foul Ball, location: 2F 0-1: Ball 1-1: Called Strike 1-2: Ball 2-2: Ball 3-2: Foul Ball, location: 2F 3-2: Base on Balls
|
|
Batting: LHB Mike East
|
0-0: Ball 1-0: Called Strike 1-1: Foul Ball, location: 2F 1-2: Ball 2-2: Ball 3-2: GRAND SLAM HOME RUN (Line Drive, 9D, EV 96.9 MPH), Distance : 394 ft
|
|
Batting: RHB Johnny Lowe
|
0-0: Ball 1-0: Called Strike 1-1: Called Strike 1-2: Ball 2-2: Ball 3-2: Ground out 5-3 (Groundball, 56S, EV 68.1 MPH)
|
|
Batting: RHB McGwire Jones
|
0-0: Called Strike 0-1: Ball 1-1: Swinging Strike 1-2: Foul Ball, location: 2F 1-2: Strikes out looking
|
| Bottom of the 2nd over - 7 runs, 5 hits, 0 errors, 0 left on base; Chicago (APP) 0 - Johnson City 14 |
| TOP OF THE 3RD |
|
Chicago (APP) Cubs batting - Pitching for Johnson City Cardinals : RHP Jaquan Alston
|
|
Batting: RHB Lencho Otieno
|
0-0: Ball 1-0: Ball 2-0: Ground out 4-3 (Groundball, 34, EV 83.1 MPH)
|
|
Batting: RHB Jorge Gonzalez
|
0-0: Ball 1-0: Called Strike 1-1: Ground out 6-3 (Groundball, 56, EV 86.9 MPH)
|
|
Batting: SHB Jim Lloyd
|
0-0: Called Strike 0-1: Ball 1-1: Ball 2-1: Called Strike 2-2: Strikes out swinging
|
| Top of the 3rd over - 0 runs, 0 hits, 0 errors, 0 left on base; Chicago (APP) 0 - Johnson City 14 |
| BOTTOM OF THE 3RD |
|
Johnson City Cardinals batting - Pitching for Chicago (APP) Cubs : RHP Masato Iwase
|
|
Batting: LHB Billy Lang
|
0-0: Called Strike 0-1: Swinging Strike 0-2: Strikes out swinging
|
|
Batting: RHB Nelson Salamanca
|
0-0: Swinging Strike 0-1: Ball 1-1: Ball 2-1: Ball 3-1: Foul Ball, location: 2F 3-2: Foul Ball, location: 2F 3-2: Foul Ball, location: 2F 3-2: Base on Balls
|
|
Batting: SHB Bobby Mercado
|
0-0: DOUBLE (Line Drive, 9LS, EV 97.5 MPH) Nelson Salamanca to third
|
|
Batting: RHB Mario Carbajal
|
0-0: Ball 1-0: Swinging Strike 1-1: Ball 2-1: SINGLE (Line Drive, 4D, EV 100.0 MPH) Nelson Salamanca scores Bobby Mercado to third
|
|
Batting: RHB Edgar Klockow
|
0-0: 3-RUN HOME RUN (Flyball, 7D, EV 100.6 MPH), Distance : 381 ft
|
|
Batting: RHB Geoff Musico
|
0-0: SOLO HOME RUN (Flyball, 7D, EV 98.1 MPH), Distance : 381 ft
|
|
Batting: LHB Mike East
|
0-0: Called Strike 0-1: Ball 1-1: Ball 2-1: Ball 3-1: Called Strike 3-2: Foul Ball, location: 2F 3-2: Base on Balls
|
|
Batting: RHB Johnny Lowe
|
0-0: 2-RUN HOME RUN (Flyball, 7LD, EV 89.4 MPH), Distance : 341 ft
|
|
Batting: RHB McGwire Jones
|
0-0: Ball 1-0: Ball 2-0: Called Strike 2-1: Ball 3-1: Swinging Strike 3-2: Base on Balls
|
|
Batting: LHB Billy Lang
|
0-0: Foul Ball, location: 2F 0-1: Foul Ball, location: 2F 0-2: Strikes out looking
|
|
Batting: RHB Nelson Salamanca
|
0-0: Called Strike 0-1: Ball 1-1: Ball 2-1: Ball 3-1: Base on Balls McGwire Jones to second
|
|
Batting: SHB Bobby Mercado
|
0-0: Called Strike 0-1: Ball Passed Ball! McGwire Jones to third Nelson Salamanca to second 1-1: DOUBLE (Line Drive, 8LD, EV 106.2 MPH) McGwire Jones scores Nelson Salamanca scores
|
|
Batting: RHB Mario Carbajal
|
0-0: Ball 1-0: Ball 2-0: 2-RUN HOME RUN (Flyball, 78XD, EV 114.4 MPH), Distance : 424 ft
|
|
Batting: RHB Edgar Klockow
|
0-0: Foul Ball, location: 2F 0-1: Foul Ball, location: 2F 0-2: Ball 1-2: Ball 2-2: Ball 3-2: Foul Ball, location: 2F 3-2: Strikes out swinging
|
| Bottom of the 3rd over - 11 runs, 7 hits, 0 errors, 0 left on base; Chicago (APP) 0 - Johnson City 25 |
| TOP OF THE 4TH |
|
Chicago (APP) Cubs batting - Pitching for Johnson City Cardinals : RHP Jaquan Alston
|
|
Batting: RHB Dustin Goldsborough
|
0-0: Called Strike 0-1: Ball 1-1: Swinging Strike 1-2: Fly out, F7 (Flyball, 7, EV 94.4 MPH)
|
|
Batting: RHB Mike Stein
|
0-0: Foul Ball, location: 2F 0-1: Ball 1-1: Swinging Strike 1-2: Strikes out looking
|
|
Batting: RHB Andy Baumhardt
|
0-0: Ball 1-0: Ball 2-0: Ground out 5-3 (Groundball, 5, EV 78.1 MPH)
|
| Top of the 4th over - 0 runs, 0 hits, 0 errors, 0 left on base; Chicago (APP) 0 - Johnson City 25 |
| BOTTOM OF THE 4TH |
|
Johnson City Cardinals batting - Pitching for Chicago (APP) Cubs : RHP Masato Iwase
|
|
Batting: RHB Geoff Musico
|
0-0: Fly out, F7 (Line Drive, 7, EV 91.9 MPH)
|
|
Batting: LHB Mike East
|
0-0: Foul Ball, location: 2F 0-1: Ball 1-1: Fly out, F8 (Flyball, 78M, EV 88.8 MPH)
|
|
Batting: RHB Johnny Lowe
|
0-0: Ground out 1-3 (Groundball, 25, EV 64.4 MPH)
|
| Bottom of the 4th over - 0 runs, 0 hits, 0 errors, 0 left on base; Chicago (APP) 0 - Johnson City 25 |
| TOP OF THE 5TH |
|
Chicago (APP) Cubs batting - Pitching for Johnson City Cardinals : RHP Jaquan Alston
|
|
Batting: RHB Juan Lira
|
0-0: Ground out 4-3 (Groundball, 4, EV 77.5 MPH)
|
|
Batting: LHB Jose Mafano
|
0-0: Ball 1-0: Foul Ball, location: 2F 1-1: Foul Ball, location: 2F 1-2: Foul Ball, location: 2F 1-2: Foul Ball, location: 2F 1-2: Ball 2-2: Foul Ball, location: 2F 2-2: Strikes out looking
|
|
Batting: RHB Andy Villarreal
|
0-0: Ball 1-0: SINGLE (Groundball, 4MS, EV 73.1 MPH) (infield hit)
|
|
Batting: RHB Lencho Otieno
|
0-0: Called Strike 0-1: Ball 1-1: Ball 2-1: Called Strike Andy Villarreal steals 2nd base 2-2: Strikes out swinging
|
| Top of the 5th over - 0 runs, 1 hit, 0 errors, 1 left on base; Chicago (APP) 0 - Johnson City 25 |
| BOTTOM OF THE 5TH |
|
Johnson City Cardinals batting - Pitching for Chicago (APP) Cubs : RHP Masato Iwase
|
|
Batting: RHB McGwire Jones
|
0-0: Swinging Strike 0-1: Ball 1-1: Ball 2-1: Ball 3-1: Swinging Strike 3-2: Base on Balls
|
|
Batting: LHB Billy Lang
|
0-0: DOUBLE (Flyball, 8LXD, EV 93.8 MPH) McGwire Jones to third
|
|
Batting: RHB Nelson Salamanca
|
0-0: SINGLE (Line Drive, 9LS, EV 108.1 MPH) McGwire Jones scores Billy Lang to third
|
|
Batting: SHB Bobby Mercado
|
0-0: Fly out, F7 (Flyball, 78S, EV 90.6 MPH)
|
|
Batting: RHB Mario Carbajal
|
0-0: Ball 1-0: DOUBLE (Line Drive, 89D, EV 94.4 MPH) Billy Lang scores Nelson Salamanca to third
|
|
Batting: RHB Edgar Klockow
|
0-0: Swinging Strike 0-1: Fly out, F9 (Flyball, 9D, EV 100.0 MPH)
|
|
Batting: RHB Geoff Musico
|
0-0: Fly out, F4 (Popup, 4M, EV 73.8 MPH)
|
| Bottom of the 5th over - 2 runs, 3 hits, 0 errors, 2 left on base; Chicago (APP) 0 - Johnson City 27 |
| TOP OF THE 6TH |
|
Chicago (APP) Cubs batting - Pitching for Johnson City Cardinals : RHP Jaquan Alston
|
|
Batting: RHB Jorge Gonzalez
|
0-0: Swinging Strike 0-1: Ball 1-1: Called Strike 1-2: Strikes out swinging
|
|
Batting: SHB Jim Lloyd
|
0-0: Ball 1-0: Ball 2-0: Ground out 5-3 (Groundball, 5L, EV 85.6 MPH)
|
|
Batting: RHB Dustin Goldsborough
|
0-0: Ball 1-0: Foul Ball, location: 2F 1-1: Fly out, F3 (Line Drive, 3L, EV 77.5 MPH)
|
| Top of the 6th over - 0 runs, 0 hits, 0 errors, 0 left on base; Chicago (APP) 0 - Johnson City 27 |
| BOTTOM OF THE 6TH |
|
Johnson City Cardinals batting - Pitching for Chicago (APP) Cubs : RHP Masato Iwase
|
|
Batting: LHB Mike East
|
0-0: Fly out, F7 (Flyball, 7S, EV 88.8 MPH)
|
|
Batting: RHB Johnny Lowe
|
0-0: Called Strike 0-1: Ground out 1-3 (Groundball, P, EV 73.1 MPH)
|
|
Batting: RHB McGwire Jones
|
0-0: Fly out, F8 (Line Drive, 8LM, EV 103.1 MPH)
|
| Bottom of the 6th over - 0 runs, 0 hits, 0 errors, 0 left on base; Chicago (APP) 0 - Johnson City 27 |
| TOP OF THE 7TH |
|
Chicago (APP) Cubs batting - Pitching for Johnson City Cardinals : RHP Jaquan Alston
|
|
Batting: RHB Mike Stein
|
0-0: Foul Ball, location: 2F 0-1: SOLO HOME RUN (Flyball, 78XD, EV 100.6 MPH), Distance : 405 ft
|
|
Batting: RHB Andy Baumhardt
|
0-0: Ball 1-0: Ball 2-0: Called Strike 2-1: Ball 3-1: Base on Balls
|
|
Batting: RHB Juan Lira
|
0-0: Called Strike 0-1: Fly out, F3 (Popup, 3S, EV 85.6 MPH)
|
|
Batting: LHB Jose Mafano
|
0-0: Swinging Strike 0-1: Foul Ball, location: 2F 0-2: Ball 1-2: Strikes out looking
|
|
Batting: RHB Andy Villarreal
|
0-0: Reached on error, E5 (Groundball, 5L, EV 99.4 MPH) Andy Baumhardt to second
|
|
Batting: RHB Lencho Otieno
|
0-0: Called Strike 0-1: Called Strike 0-2: Ball 1-2: Fielders Choice at 2nd, 5-4 (Groundball, 5, EV 90.6 MPH)
|
| Top of the 7th over - 1 run, 1 hit, 1 error, 2 left on base; Chicago (APP) 1 - Johnson City 27 |
| BOTTOM OF THE 7TH |
|
Johnson City Cardinals batting - Pitching for Chicago (APP) Cubs : RHP Masato Iwase
|
|
Batting: LHB Billy Lang
|
0-0: Swinging Strike 0-1: Ball 1-1: Called Strike 1-2: Ground out U3 (Groundball, 3S, EV 86.2 MPH)
|
|
Batting: RHB Nelson Salamanca
|
0-0: Ball 1-0: Ball 2-0: Ball 3-0: Base on Balls
|
|
Batting: RHB Sal Guzman
|
0-0: SINGLE (Groundball, 6MD, EV 104.4 MPH) Nelson Salamanca to second
|
|
Batting: RHB Mario Carbajal
|
0-0: Ground out 5-3 (Groundball, 56S, EV 64.4 MPH) Nelson Salamanca to third Sal Guzman to second
|
|
Batting: RHB Edgar Klockow
|
0-0: Ball 1-0: Fly out, F7 (Flyball, 7S, EV 81.2 MPH)
|
| Bottom of the 7th over - 0 runs, 1 hit, 0 errors, 2 left on base; Chicago (APP) 1 - Johnson City 27 |
| TOP OF THE 8TH |
|
Chicago (APP) Cubs batting - Pitching for Johnson City Cardinals : RHP Jaquan Alston
|
|
Batting: RHB Jorge Gonzalez
|
0-0: Ball 1-0: Swinging Strike 1-1: Swinging Strike 1-2: Foul Ball, location: 2F 1-2: Strikes out swinging
|
|
Batting: SHB Jim Lloyd
|
0-0: Ball 1-0: Ball 2-0: Called Strike 2-1: Ball 3-1: Fly out, F9 (Flyball, 89S, EV 88.8 MPH)
|
|
Batting: RHB Dustin Goldsborough
|
0-0: Foul Ball, location: 2F 0-1: Ball 1-1: Swinging Strike 1-2: Strikes out swinging
|
| Top of the 8th over - 0 runs, 0 hits, 0 errors, 0 left on base; Chicago (APP) 1 - Johnson City 27 |
| BOTTOM OF THE 8TH |
|
Johnson City Cardinals batting - Pitching for Chicago (APP) Cubs : RHP Masato Iwase
|
|
Batting: RHB Geoff Musico
|
0-0: Fly out, F7 (Flyball, 7, EV 92.5 MPH)
|
|
Batting: LHB Mike East
|
0-0: Foul Ball, location: 2F 0-1: Foul Ball, location: 2F 0-2: Ball 1-2: Ball 2-2: Ground out U3 (Groundball, 3, EV 101.2 MPH)
|
|
Batting: RHB Johnny Lowe
|
0-0: Foul Ball, location: 2F 0-1: Ball 1-1: Ball 2-1: Ball 3-1: Base on Balls
|
|
Batting: RHB McGwire Jones
|
0-0: Ball 1-0: Ball 2-0: Ball 3-0: Base on Balls Johnny Lowe to second
|
|
Batting: LHB Billy Lang
|
0-0: Called Strike 0-1: Called Strike 0-2: Ball 1-2: Ball 2-2: Ball 3-2: Base on Balls Johnny Lowe to third McGwire Jones to second
|
|
Batting: RHB Nelson Salamanca
|
0-0: Fly out, F7 (Flyball, 78S, EV 84.4 MPH)
|
| Bottom of the 8th over - 0 runs, 0 hits, 0 errors, 3 left on base; Chicago (APP) 1 - Johnson City 27 |
| TOP OF THE 9TH |
|
Chicago (APP) Cubs batting - Pitching for Johnson City Cardinals : RHP Jaquan Alston
|
|
Batting: RHB Mike Stein
|
0-0: Ball 1-0: Ground out U3 (Groundball, 34S, EV 71.2 MPH)
|
|
Batting: RHB Andy Baumhardt
|
0-0: Ball 1-0: Swinging Strike 1-1: Ball 2-1: Ball 3-1: Fly out, F4 (Popup, 34, EV 59.4 MPH)
|
|
Batting: RHB Juan Lira
|
0-0: Fly out, F7 (Flyball, 7LD, EV 105.6 MPH)
|
| Top of the 9th over - 0 runs, 0 hits, 0 errors, 0 left on base; Chicago (APP) 1 - Johnson City 27 |
|